 Dungeon Crawl Stone Soup version 0.29-a0-334-gb41bcbb86e (webtiles) character file.

Game seed: 11753274412422581248

16 jlumianski the Skirmisher (level 2, -1/24 HPs)
             Began as a Demonspawn Fighter on Apr 14, 2022.
             Slain by a kobold
             ... wielding a +0 short sword
              (2 damage)
             ... on level 1 of the Dungeon.
             The game lasted 00:01:44 (439 turns).

jlumianski the Skirmisher (Demonspawn Fighter)       Turns: 439, Time: 00:01:45

Health: -1/24      AC:  6    Str: 16    XL:     2   Next: 37%
Magic:  2/2        EV:  8    Int:  9    God:
Gold:   33         SH:  4    Dex: 12    Spells: 1/1 levels left

rFire   . . .      SeeInvis .   a - +0 war axe
rCold   . . .      Faith    .   c - +0 buckler
rNeg    . . .      Spirit   .   b - +0 scale mail
rPois   .          Reflect  .   (no helmet)
rElec   .          Harm     .   (no cloak)
rCorr   .          Rampage  .   (no gloves)
Will    .....                   (no boots)
Stlth   ..........              (no amulet)
HPRegen 0.08/turn               (no ring)
MPRegen 0.08/turn               (no ring)

@: no status effects
A: ignite blood 1
a: no special abilities


You were on level 1 of the Dungeon.
You visited 1 branch of the dungeon, and saw 1 of its levels.

You collected 33 gold pieces.

Inventory:

Hand Weapons
 a - a +0 war axe (weapon)
Armour
 b - a +0 scale mail (worn)
 c - a +0 buckler (worn)
Jewellery
 e - a ring of poison resistance
Scrolls
 f - a scroll of identify {unknown}
Potions
 d - a potion of might


   Skills:
 + Level 3.2 Fighting
 + Level 1.9 Axes
 + Level 2.9 Armour
 + Level 2.9 Shields


You had one spell level left.
You didn't know any spells.
Your spell library was empty.

Dungeon Overview and Level Annotations

Branches:
Dungeon (1/15)

Altars:


Innate Abilities, Weirdness & Mutations

Your demonic aura sometimes causes spilled blood to erupt in flames.


Message History

The kobold barely misses you.
You closely miss the kobold.
The kobold hits you with a +0 short sword.
You closely miss the kobold. You hit the endoplasm.
The kobold hits you with a +0 short sword.
The endoplasm closely misses you. The kobold barely misses you.
The endoplasm freezes you.
You are frozen.
You closely miss the kobold. You hit the endoplasm.
You kill the endoplasm!
You closely miss the jackal.
The jackal bites you but does no damage.
The kobold hits you but does no damage. The jackal barely misses you.
You closely miss the kobold. You hit the jackal but do no damage.
The jackal bites you.
* * * LOW HITPOINT WARNING * * *
The kobold closely misses you. The jackal closely misses you.
You block the kobold's attack.
You barely miss the kobold. You slash the jackal!
You kill the jackal!
The kobold hits you with a +0 short sword.
* * * LOW HITPOINT WARNING * * *
A rat comes into view.
The kobold attacks as you move away!
The kobold hits you with a +0 short sword.
* * * LOW HITPOINT WARNING * * *
You see here a quokka corpse.
The kobold attacks as you move away! The kobold hits you but does no damage.
A jackal comes into view.
The jackal barks!
You hear a bark!
A jackal comes into view.
The jackal moves out of view.
The kobold attacks as you move away! The kobold hits you but does no damage.
The jackal bites you but does no damage.
The jackal bites you.
* * * LOW HITPOINT WARNING * * *
You block the jackal's attack. The kobold attacks as you move away!
The kobold hits you with a +0 short sword.
You die...

..####†.#.##. ..
#..#... #. #..#..##
#. #.†#..# #.
##..#..###.# #.
##.#........# #.
#.###...###########.
###K#.#..# #........
####...@##..#
#.##.###.
......hh##..####.##.#
#.
####..............#.#
#. ##...............#
#. #.#.##..####..###
#. #.#..............
..
#.####..####..######
#. #### #..# #..#


You could see 2 jackals and a kobold.

Vanquished Creatures
  3 endoplasms (D:1)
  2 giant cockroaches (D:1)
  A goblin (D:1)
  A hobgoblin (D:1)
  A jackal (D:1)
  A quokka (D:1)
  A frilled lizard (D:1)
  A kobold (D:1)
  3 rats (D:1)
14 creatures vanquished.

Notes
Turn   | Place    | Note
-------+----------+-------------------------------------------
     0 | D:1      | jlumianski the Demonspawn Fighter began the quest for the
                  | Orb.
     0 | D:1      | Reached XP level 1. HP: 18/18 MP: 1/1
   205 | D:1      | Gained mutation: Your demonic aura sometimes causes spilled
                  | blood to erupt in flames. [demonic ancestry]
   205 | D:1      | Reached XP level 2. HP: 20/24 MP: 2/2
   338 | D:1      | Found a faded altar of an unknown god.
   433 | D:1      | HP: 1/24 [kobold/+0 short sword (1)]
   438 | D:1      | HP: 1/24 [jackal (1)]
   439 | D:1      | Slain by a kobold

Illustrated notes

Levels and vault maps discovered:
D:1:      dpeg_arrival_simpleton_b, layout_loops_ring,
          dilly_ecumenical_altar_fadedgnrine

Action                   || total
-------------------------++-------
Melee: War axe           ||    30
Armor: Scale mail        ||    16
Dodge: Dodged            ||    19
Block: Buckler           ||     7

Table legend: (Time is in decaauts)
 A = Elapsed time spent in this place.
 B = Non-inter-level travel time spent in this place.
 C = Inter-level travel time spent in this place.
 D = Time resting spent in this place.
 E = Time spent auto-exploring this place.
 F = Levels seen in this place.
 G = Mean time per level.
                   A        B        C        D        E       F      G
               +--------+--------+--------+--------+--------+-----+--------+
         Total |    452 |    452 |      0 |      0 |    313 |   1 |  452.0 |
       Dungeon |    452 |    452 |      0 |      0 |    313 |   1 |  452.0 |
               +--------+--------+--------+--------+--------+-----+--------+

Top non-repeatable levels by time:
     D:1: 452 daAuts
